 Dungeon Crawl Stone Soup version 0.31-a0-925-g0a390f2509 (webtiles) character file.

Game seed: 1728919639848012517

13 miscthings the Charlatan (level 2, 0/23 HPs)
             Began as a Gnoll Artificer on Oct 19, 2023.
             Slain by a goblin
             ... wielding a +0 dagger
              (2 damage)
             ... on level 1 of the Dungeon.
             The game lasted 00:00:32 (177 turns).

miscthings the Charlatan (Gnoll Artificer)           Turns: 177, Time: 00:00:32

Health: 0/23       AC:  3    Str: 11    XL:     2   Next: 37%
Magic:  2/2        EV: 12    Int: 10    God:
Gold:   20         SH:  0    Dex: 12    Spells: 1/1 levels left

rFire   . . .        f - +2 dagger (venom)
rCold   . . .        (no shield)
rNeg    . . .        b - +0 leather armour
rPois   .            (no helmet)
rElec   .            (no cloak)
rCorr   .            (no gloves)
SInv    .            (no boots)
Will    .....        (no amulet)
Stlth   ++           (no ring)
HPRegen 0.23/turn    (no ring)
MPRegen 0.08/turn

%: no passive effects
@: about to teleport
A: fangs 1, strong nose, distributed training
a: no special abilities


You were on level 1 of the Dungeon.
You visited 1 branch of the dungeon, and saw 1 of its levels.

You collected 20 gold pieces.

Inventory:

Hand Weapons
 f - a +2 dagger of venom (weapon)
Armour
 b - a +0 leather armour (worn)
Wands
 c - a wand of flame (15) (quivered)
 d - a wand of charming (15)
 e - a wand of iceblast (5)
Scrolls
 g - 2 scrolls of enchant armour {unknown}
 h - a scroll of identify {unknown}


   Skills:
 + Level 2.5 Fighting
 + Level 0.4 Short Blades
 + Level 0.4 Long Blades
 + Level 0.4 Axes
 + Level 0.4 Maces & Flails
 + Level 0.4 Polearms
 + Level 0.4 Staves
 + Level 0.4 Ranged Weapons
 + Level 0.4 Throwing
 + Level 4.5 Armour
 + Level 2.5 Dodging
 + Level 2.2 Stealth
 + Level 0.4 Shields
 + Level 0.4 Unarmed Combat
 + Level 0.4 Spellcasting
 + Level 0.2 Conjurations
 + Level 0.2 Hexes
 + Level 0.2 Summonings
 + Level 0.2 Necromancy
 + Level 0.2 Translocations
 + Level 0.2 Transmutations
 + Level 0.2 Fire Magic
 + Level 0.2 Ice Magic
 + Level 0.2 Air Magic
 + Level 0.2 Earth Magic
 + Level 0.2 Poison Magic
 + Level 0.5 Invocations
 + Level 6.5 Evocations
 + Level 0.3 Shapeshifting


You had one spell level left.
You didn't know any spells.
Your spell library was empty.

Dungeon Overview and Level Annotations

Branches:
Dungeon (1/15)

Altars:


Innate Abilities, Weirdness & Mutations

You have very sharp teeth.
Your uncanny sense of smell can sniff out nearby items.
Your experience applies equally to all skills.


Message History

You are too injured to fight recklessly!
The bat hits you but does no damage. The hobgoblin barely misses you.
The goblin attacks as it pursues you! The goblin hits you but does no damage.
The bat barely misses you. The hobgoblin closely misses you.
Found a scroll labelled ZEFURUT BOPOINAIL and a yellow potion.
The hobgoblin attacks as it pursues you!
The hobgoblin hits you.
A frilled lizard comes into view.
The frilled lizard hisses angrily.
You hit the hobgoblin.
The hobgoblin is poisoned.
The hobgoblin is severely wounded.
You kill the hobgoblin!
You hit the bat. You bite the bat, but do no damage.
The bat is severely wounded.
The bat hits you but does no damage. The bat misses you.
The bat barely misses you.
You closely miss the bat.
The bat is severely wounded.
The bat hits you but does no damage. The bat closely misses you.
The kobold barely misses you.
You closely miss the kobold. The bat barely misses you.
The kobold hits you but does no damage.
You barely miss the kobold.
An endoplasm comes into view.
The kobold hits you with a +0 club.
The endoplasm quivers.
You hit the endoplasm.
The endoplasm is almost dead.
The endoplasm freezes you.
You are frozen.
* * * LOW HITPOINT WARNING * * *
The kobold hits you with a +0 club.
* * * LOW HITPOINT WARNING * * *
The goblin hits you but does no damage.
You aren't carrying any potions.
As you read the scroll labelled HARATI XUVA, it crumbles to dust.
You feel strangely unstable.
It was a scroll of teleportation.
The endoplasm barely misses you. The kobold barely misses you.
The goblin hits you with a +0 dagger.
You die...

.....#..#####
............##
.............####
#.....)#.......[##
......)....#...... ##
.....###.......# .?#
.....#.........# ..
.....#.........###.##∆
............†..g@Jl.#
....##.........##Kl.....
.............)†...>.....
....##........#....$....
#...................:.##
##..##...............J..
# #.######............#.
.# ............!# ∆
#............


You could see 2 endoplasms, a goblin, a kobold and 2 frilled lizards.

Vanquished Creatures
  3 ball pythons (D:1)
  A giant cockroach (D:1)
  2 goblins (D:1)
  A hobgoblin (D:1)
  3 kobolds (D:1)
  A bat (D:1)
  A frilled lizard (D:1)
12 creatures vanquished.

Notes
Turn   | Place    | Note
-------+----------+-------------------------------------------
     0 | D:1      | miscthings the Gnoll Artificer began the quest for the Orb.
     0 | D:1      | Reached XP level 1. HP: 17/17 MP: 1/1
    82 | D:1      | Reached XP level 2. HP: 17/23 MP: 2/2
   177 | D:1      | Slain by a goblin

Illustrated notes

Levels and vault maps discovered:
D:1:      minmay_arrival_doors, layout_rooms

Action                     || total
---------------------------++-------
  Melee: Club              ||    18
         Bite              ||     2
         Dagger            ||    19
    Use: Scroll            ||     1
   Stab: Sleeping          ||     1
 Armour: Leather armour    ||    33
  Dodge: Dodged            ||    44

Table legend: (Time is in decaauts)
 A = Elapsed time spent in this place.
 B = Non-inter-level travel time spent in this place.
 C = Inter-level travel time spent in this place.
 D = Time resting spent in this place.
 E = Time spent auto-exploring this place.
 F = Levels seen in this place.
 G = Mean time per level.
                   A        B        C        D        E       F      G
               +--------+--------+--------+--------+--------+-----+--------+
         Total |    181 |    181 |      0 |      0 |     92 |   1 |  181.0 |
       Dungeon |    181 |    181 |      0 |      0 |     92 |   1 |  181.0 |
               +--------+--------+--------+--------+--------+-----+--------+

Top non-repeatable levels by time:
     D:1: 181 daAuts
